 Dungeon Crawl Stone Soup version 0.28-a0-909-g796cbd3a86 (webtiles) character file.

Game seed: 2531982982446278526

37 ders the Caller (level 3, 0/14 HPs)
             Began as a Felid Summoner on Nov 24, 2021.
             Slain by a worm (10 damage)
             ... on level 3 of the Dungeon.
             The game lasted 00:04:41 (2180 turns).

ders the Caller (Felid Summoner)                    Turns: 2180, Time: 00:04:42

Health: 0/14       AC:  1    Str:  4    XL:     3   Next: 23%
Magic:  3/7        EV: 18    Int: 17    God:
Gold:   52         SH:  0    Dex: 16    Spells: 5/6 levels left
                                        Lives:  0   Deaths: 0

rFire   . . .      SeeInvis +   (weapon unavailable)
rCold   . . .      Faith    .   (shield unavailable)
rNeg    . . .      Spirit   .   (armour unavailable)
rPois   .          Reflect  .   (helmet unavailable)
rElec   .          Harm     .   (cloak unavailable)
rCorr   .          Rampage  .   (gloves unavailable)
Will    .....                   (boots unavailable)
Stlth   ++........              (no amulet)
HPRegen 0.04/turn               (no ring)
MPRegen 0.10/turn               (no ring)

@: quick
A: very small, claws 1, fangs 3, see invisible, speed 1, shaggy fur 1, stealthy
paws, no weapons or thrown items, no armour, multi-lived
a: no special abilities


You were on level 3 of the Dungeon.
You visited 1 branch of the dungeon, and saw 3 of its levels.

You collected 52 gold pieces.

Inventory:

Jewellery
 b - an amulet of guardian spirit
Wands
 e - a wand of paralysis (7)
Scrolls
 c - a scroll of identify {unknown}
 d - a scroll of amnesia {unknown}
Potions
 a - a potion of haste {unknown}
 f - a potion of attraction {unknown}
 g - a potion of might {unknown}


   Skills:
 + Level 3.4 Dodging
 - Level 2.6 Stealth
 + Level 2.4 Spellcasting
 * Level 4.6 Summonings


You had 5 spell levels left.
You knew the following spells:

 Your Spells              Type           Power      Damage    Failure   Level
a - Summon Small Mammal   Summ           68%        N/A       2%          1

Your spell library contained the following spells:

 Spells                   Type           Power      Damage    Failure   Level
 Call Imp                 Summ           17%        N/A       4%          2
 Call Canine Familiar     Summ           17%        N/A       9%          3
 Animate Skeleton         Necr           4%         N/A       19%         1
 Apportation              Tloc           4%         N/A       19%         1
 Summon Guardian Golem    Hex/Summ       9%         N/A       22%         3
 Summon Lightning Spire   Summ/Air       9%         N/A       58%         4


Dungeon Overview and Level Annotations

Branches:
Dungeon (3/15)

Altars:

Annotations:
D:3 Ijyb


Innate Abilities, Weirdness & Mutations

You have sharp claws.
You have razor-sharp teeth.
You have supernaturally acute eyesight. (SInv)
You cover ground quickly. (Speed+)
You are covered in fur. (AC +1)
Your paws help you pounce on unaware monsters.
You are incapable of wielding weapons or throwing items.
You cannot wear armour.
You gain extra lives every three experience levels.


Message History

HP restored.
The adder hisses angrily.
A worm comes into view.
Casting: Summon Small Mammal (safe; 3% risk of failure)
Confirm with . or Enter, or press ? or * to list all spells.
Unknown command.
You swap places.
Your quokka bites the adder.
The adder bites your quokka.
Your quokka is poisoned.
The adder poisons your quokka!
Your quokka dies!
Your quokka's corpse disappears in a puff of smoke!
Casting: Summon Small Mammal (safe; 3% risk of failure)
Confirm with . or Enter, or press ? or * to list all spells.
The adder barely misses you. The adder closely misses you.
The adder misses you.
Unknown command.
The adder bites your quokka.
Your quokka closely misses the adder.
The adder bites your quokka.
Your quokka dies!
Your quokka's corpse disappears in a puff of smoke!
Casting: Summon Small Mammal (safe; 3% risk of failure)
Confirm with . or Enter, or press ? or * to list all spells.
The adder barely misses you. The adder bites you.
Unknown command.
Your quokka bites the adder.
There is a stone staircase leading down here.
You scratch the adder.
The adder is severely wounded.
The adder misses you.
Your quokka bites the adder.
You scratch the adder.
You kill the adder!
You have reached level 3!
Your experience leads to an increase in your attributes!
Increase (S)trength, (I)ntelligence, or (D)exterity?
You feel clever.
Casting: Summon Small Mammal (safe; 2% risk of failure)
Confirm with . or Enter, or press ? or * to list all spells.
The worm bites you!
Ouch! That really hurt!
You die...

###
...######r##
.........w@#
...######r.#
#####..#
#)...).#
#......#.#
###
#........#
#.#
#....#.###
#.######
#....#.#
##......#
##...#.##


You could see a worm (ally target) and 2 friendly quokkas.

Vanquished Creatures
  An adder (D:3)
  An endoplasm (D:1)
  A hobgoblin (D:1)
  A ball python (D:1)
  A frilled lizard (D:2)
5 creatures vanquished.

Vanquished Creatures (collateral kills)
  4 ball pythons (D:1)
  3 bats (D:1)
  2 giant cockroaches
  4 goblins
  2 hobgoblins (D:2)
  3 kobolds
  A frilled lizard (D:1)
  2 rats (D:1)
21 creatures vanquished.

Grand Total: 26 creatures vanquished

Notes
Turn   | Place    | Note
-------+----------+-------------------------------------------
     0 | D:1      | ders the Felid Summoner began the quest for the Orb.
     0 | D:1      | Reached XP level 1. HP: 7/7 MP: 4/4
   474 | D:1      | Reached XP level 2. HP: 11/11 MP: 3/6
  2017 | D:2      | You fall into a shaft and drop 1 floor!
  2028 | D:3      | Noticed Ijyb
  2179 | D:3      | Reached XP level 3. HP: 10/14 MP: 4/7
  2180 | D:3      | Slain by a worm

Illustrated notes

Levels and vault maps discovered:
D:1:      matt_arrival_diagonals, layout_rooms, minmay_misc_feat_doors,
          skrybe_limestone_x
D:2:      layout_loops_corners
D:3:      layout_basic, minmay_parallelograms, minmay_fractal_squares_5,
          uniq_ijyb

Skill      XL: |  1 |
---------------+----+-----
Dodging        | 3 |  3.4
Stealth        | |  2.6
Spellcasting   | |  2.4
Summonings     | |  4.6

Action                   || total
-------------------------++-------
Melee: Unarmed           ||     9
       Bite              ||     1
 Cast: Summon Small Mamm ||    56
Armor: Skin              ||     1
Dodge: Dodged            ||    47

Table legend: (Time is in decaauts)
 A = Elapsed time spent in this place.
 B = Non-inter-level travel time spent in this place.
 C = Inter-level travel time spent in this place.
 D = Time resting spent in this place.
 E = Time spent auto-exploring this place.
 F = Levels seen in this place.
 G = Mean time per level.
                   A        B        C        D        E       F      G
               +--------+--------+--------+--------+--------+-----+--------+
         Total |   2011 |   1969 |     42 |   1047 |    524 |   3 |  670.3 |
       Dungeon |   2011 |   1969 |     42 |   1047 |    524 |   3 |  670.3 |
               +--------+--------+--------+--------+--------+-----+--------+

Top non-repeatable levels by time:
     D:1: 1178 daAuts
     D:2: 682 daAuts
     D:3: 150 daAuts
